 Dungeon Crawl Stone Soup version 0.31-a0-986-g5e6e4ef867 (webtiles) character file.

Game seed: 7207830670488186475

546 LeprechaunX the Changeling (level 7, 0/46 HPs)
             Began as an Octopode Shapeshifter on Nov 8, 2023.
             Slain by a gnoll
             ... wielding a +0 spear
              (2 damage)
             ... on level 4 of the Dungeon.
             The game lasted 00:05:24 (3317 turns).

LeprechaunX the Changeling (Octopode Shapeshifter)  Turns: 3317, Time: 00:05:24

Health: 0/46       AC:  1    Str: 13    XL:     7   Next: 28%
Magic:  7/7        EV: 13    Int: 13    God:
Gold:   217        SH:  0    Dex: 13    Spells: 6/6 levels left

rFire   . .          .
                       - Unarmed
rCold   . . .        (no shield)
rNeg    . . .        (helmet currently unavailable)
rPois   .            (no amulet)
rElec   .            (no ring)
rCorr   .            (no ring)
SInv    .            (no ring)
Will    .....        (no ring)
Stlth   ++           (no ring)
HPRegen 0.27/turn    (no ring)
MPRegen 0.10/turn    (no ring)
                     (no ring)

%: no passive effects
@: beast-form
A: beast (slay +3), almost no armour, amphibious, 8 rings, camouflage 1,
gelatinous body 1, (nimble swimmer 1), tentacles
a: Begin Untransformation


You were on level 4 of the Dungeon.
You were a hulking beast.
You visited 1 branch of the dungeon, and saw 4 of its levels.

You collected 217 gold pieces.

Inventory:

Missiles
 i - 3 atropa-tipped darts (quivered)
 r - 4 boomerangs
 v - a throwing net
Jewellery
 o - a ring of ice
Talismans
 b - a beast talisman
 c - a flux talisman
 p - a blade talisman
 q - a maw talisman
Wands
 w - a wand of polymorph (8)
Scrolls
 a - a scroll of brand weapon {unknown}
 d - 5 scrolls of teleportation {unknown}
 e - a scroll of amnesia {unknown}
 f - a scroll of torment {unknown}
 g - 2 scrolls of identify {unknown}
 h - 2 scrolls of noise {unknown}
 j - 2 scrolls of immolation {unknown}
 s - 2 scrolls of fear {unknown}
 t - a scroll of revelation {unknown}
 u - a scroll of blinking {unknown}
 x - a scroll of vulnerability {unknown}
 y - a scroll of enchant weapon {unknown}
 A - a scroll of enchant armour {unknown}
 B - a scroll of fog {unknown}
Potions
 k - a potion of berserk rage {unknown}
 l - a potion of lignification
 m - a potion of attraction {unknown}
 n - a potion of might {unknown}
 z - a potion of invisibility {unknown}


   Skills:
 + Level 3.5 Fighting
 + Level 2.0 Throwing
 - Level 2.0 Dodging
 + Level 4.6 Unarmed Combat
 * Level 5.5 Shapeshifting


You had 6 spell levels left.
You didn't know any spells.
Your spell library contained the following spells:

 Spells                   Type           Power      Damage    Failure   Level
 Apportation              Tloc           0%         N/A       30%         1
 Ensorcelled Hibernation  Hex/Ice        0%         N/A       43%         2
 Lesser Beckoning         Tloc           0%         N/A       43%         2
 Passwall                 Tmut/Erth      0%         N/A       43%         2
 Gell's Gravitas          Tloc           0%         N/A       67%         3
 Swiftness                Air            0%         N/A       67%         3
 Teleport Other           Tloc           0%         N/A       67%         3


Dungeon Overview and Level Annotations

Branches:
Dungeon (4/15)             Temple (0/1) D:4

Altars:

Shops:
D:1 (   D:3 *


Innate Abilities, Weirdness & Mutations

You are a hulking beast.
Your limbs bulge with bestial killing power. (Slay +3)
You cannot wear most types of armour.
You are amphibious.
You can wear up to eight rings at the same time.
Your skin changes colour to match your surroundings (Stealth+).
Your rubbery body absorbs attacks. (AC +1, EV +1)
((You are camouflaged when in or above water. (Stealth+)))
You have tentacles for arms and can constrict up to eight enemies at once.


Message History

You throw an atropa-tipped dart. The atropa-tipped dart hits the gnoll.
The gnoll appears confused.
The gnoll shouts!
The gnoll shouts! x2
Throw: 4 darts (atropa)
Press: ? - help, Q - select action, (/) - cycle Shift-Dir - straight line, f - gnoll, p - gnoll
Aim: a gnoll, wielding a +0 whip (63% to hit, chance to blind on hit: 100%)
You throw an atropa-tipped dart. The atropa-tipped dart hits the gnoll.
The gnoll appears confused.
The gnoll seems less confused.
The gnoll seems less confused.
The gnoll hits you from afar with a +0 halberd!
You tentacle-slap the gnoll. You grab the gnoll.
The gnoll is lightly wounded.
You constrict the gnoll.
The gnoll is no longer blind.
The gnoll hits you with a +0 flail.
The gnoll hits you from afar with a +0 halberd.
The gnoll hits you with a +0 whip.
You are too injured to fight recklessly!
You are too injured to fight recklessly!
Unknown command.
You tentacle-slap the gnoll. You grab the gnoll.
The gnoll is moderately wounded.
You constrict the gnoll. x2; The gnoll closely misses you.
The gnoll hits you from afar with a +0 spear!
* * * LOW HITPOINT WARNING * * *
The gnoll misses you. The gnoll hits you with a +0 whip.
* * * LOW HITPOINT WARNING * * *
You completely miss the gnoll. You squeeze the gnoll!
You kill the gnoll!
You constrict the gnoll. The gnoll barely misses you.
The gnoll hits you from afar with a +0 halberd!
* * * LOW HITPOINT WARNING * * *
The gnoll closely misses you.
Your Throwing skill increases to level 2!
You tentacle-slap the dart slug. You grab the dart slug.
The dart slug is moderately wounded.
You constrict the dart slug. You constrict the gnoll.
The gnoll hits you from afar with a +0 spear.
You die...

########
##......##
##<.....(.##
#..........#
#...h)..$..#
#...wgg....#
#...g......#
#..........#
##........##
#........#
..........#
#..........#


You could see 3 gnolls and a dart slug.

Vanquished Creatures
  Sigmund (D:2)
  2 scorpions (D:4)
  A gnoll bouda (D:4)
  2 orc priests (D:3)
  An iguana (D:4)
  An orc wizard (D:3)
  6 gnolls
  2 adders
  2 dart slugs (D:2)
  3 orcs
  4 ball pythons
  5 endoplasms
  5 giant cockroaches
  4 goblins
  10 hobgoblins
  2 jackals (D:3)
  3 bats
  4 frilled lizards
  3 kobolds
  2 rats (D:2)
63 creatures vanquished.

Notes
Turn   | Place    | Note
-------+----------+-------------------------------------------
     0 | D:1      | LeprechaunX the Octopode Shapeshifter began the quest for
                  | the Orb.
     0 | D:1      | Reached XP level 1. HP: 13/13 MP: 1/1
   593 | D:1      | Reached XP level 2. HP: 18/18 MP: 2/2
   912 | D:1      | Found Plog's Weapon Boutique.
   973 | D:2      | Noticed Sigmund
   988 | D:2      | Killed Sigmund
   989 | D:2      | Reached skill level 4 in Shapeshifting
   989 | D:2      | Reached XP level 3. HP: 21/25 MP: 3/3
   989 | D:2      | Reached XP level 4. HP: 26/30 MP: 4/4
   989 | D:2      | Reached XP level 5. HP: 30/35 MP: 5/5
  1905 | D:3      | Identified the "Ralu"
  1949 | D:3      | Found Leoti's General Store.
  2109 | D:3      | Found a faded altar of an unknown god.
  2134 | D:3      | Reached XP level 6. HP: 22/41 MP: 6/6
  2149 | D:3      | Reached skill level 1 in Throwing
  2579 | D:4      | Reached skill level 5 in Shapeshifting
  2639 | D:4      | Reached XP level 7. HP: 27/46 MP: 7/7
  2898 | D:4      | Found a staircase to the Ecumenical Temple.
  3316 | D:4      | HP: 2/46 [gnoll/+0 halberd (8)]
  3317 | D:4      | Slain by a gnoll

Illustrated notes

Levels and vault maps discovered:
D:1:      psy_arrival_statuary, layout_basic, serial_co_window_serial,
          co_window_cross_1, co_window_cross_1, co_window_paths_a,
          co_window_paths_a, co_window_paths_a, co_window_paths_a,
          co_window_corner_a, co_window_unsneaky_path_b, co_window_broadway_b,
          co_window_cross_3, co_window_of_opportunity_b,
          co_window_unsneaky_path_e, co_window_paths_c,
          co_window_of_opportunity_c, glass_columns_a, glass_columns_c,
          glass_columns_a, glass_columns_a, serial_shops,
          nicolae_lakefront_shop, serial_bayou_pond_c, corexii_corridor_pit
D:2:      layout_loops_ring, minivault_5, uniq_sigmund
D:3:      layout_basic, shapermc_ecumenical_altar_rom_forum, serial_shops, shop
D:4:      cheibrodos_fertilizer, layout_rooms, minmay_temple_entry_trees,
          mainiacjoe_sewer_entry_somewhere_in_here_1, mrwooster_statue_mirror,
          sigmund_army

Skill      XL: |  1  2  3  4  5  6  7 |
---------------+----------------------+-----
Fighting       | 2 3 |  3.5
Shapeshifting  | 4 5 |  5.5
Unarmed Combat | 4 |  4.6
Throwing       | 1 2 |  2.0
Dodging        | |  2.0

Action                     |  1- 3 |  4- 6 |  7- 9 || total
---------------------------+-------+-------+-------++-------
  Melee: Unarmed           |    25 |    83 |    39 ||   147
         Constrict         |     5 |    23 |     9 ||    37
         Tentacles         |     3 |    22 |    10 ||    35
         Punch             |       |     1 |       ||     1
  Throw: Dart              |     1 |     2 |     2 ||     5
    Use: Potion            |     1 |       |       ||     1
   Stab: Sleeping          |       |     6 |     1 ||     7
 Armour: Skin              |    10 |    30 |    22 ||    62
  Dodge: Dodged            |     8 |    49 |    30 ||    87

Table legend: (Time is in decaauts)
 A = Elapsed time spent in this place.
 B = Non-inter-level travel time spent in this place.
 C = Inter-level travel time spent in this place.
 D = Time resting spent in this place.
 E = Time spent auto-exploring this place.
 F = Levels seen in this place.
 G = Mean time per level.
                   A        B        C        D        E       F      G
               +--------+--------+--------+--------+--------+-----+--------+
         Total |   3306 |   3099 |    207 |    148 |   2324 |   4 |  826.5 |
       Dungeon |   3306 |   3099 |    207 |    148 |   2324 |   4 |  826.5 |
               +--------+--------+--------+--------+--------+-----+--------+

Top non-repeatable levels by time:
     D:1: 955 daAuts
     D:2: 945 daAuts
     D:3: 809 daAuts
     D:4: 596 daAuts
